 Dungeon Crawl Stone Soup version 0.31-a0-263-ge8cad7f256 (webtiles) character file.

Game seed: 4036907322413860541

105 qw the Shooter (level 4, 0/26 HPs)
             Began as a Gargoyle Hexslinger on July 13, 2023.
             Slain by a quokka (3 damage)
             ... on level 3 of the Dungeon.
             The game lasted 00:00:51 (1725 turns).

qw the Shooter (Gargoyle Hexslinger)                Turns: 1725, Time: 00:00:51

Health: 0/26       AC:  8    Str: 15    XL:     4   Next: 81%
Magic:  5/5        EV: 10    Int: 16    God:
Gold:   217        SH:  0    Dex: 12    Spells: 4/5 levels left

rFire   . . .        Y - +2 sling
rCold   . . .        (no shield)
rNeg    + . .        i - +0 ring mail
rPois   inf          (no helmet)
rElec   +            (no cloak)
rCorr   .            (no gloves)
SInv    .            (no boots)
Will    .....        (no amulet)
Stlth   +            (no ring)
HPRegen 0.24/turn    (no ring)
MPRegen 0.09/turn

%: no passive effects
@: no status effects
A: sickness immunity, AC +3, negative energy resistance 1, electricity
resistance, torment resistance 1, petrification resistance, clever 1, strong 1
a: no special abilities


You were on level 3 of the Dungeon.
You visited 1 branch of the dungeon, and saw 3 of its levels.

You collected 217 gold pieces.


Innate Abilities, Weirdness & Mutations

You are immune to sickness and miasma.
Your stone body is resilient. (AC +3)
You are immune to poison.
You resist negative energy. (rN+)
You are resistant to electric shocks. (rElec)
You are resistant to unholy torment.
You are immune to petrification.
Your mind is acute. (Int +4, Str/Dex -1)
Your muscles are strong. (Str +4, Int/Dex -1)


   Skills:
 - Level 2.0 Fighting
 + Level 4.4 Ranged Weapons
 - Level 1.0 Armour
 - Level 1.5 Dodging
 - Level 1.0 Spellcasting
 - Level 2.6 Hexes


You had 4 spell levels left.
You knew the following spells:

 Your Spells              Type           Power      Damage    Failure   Level
a - Slow                  Hex            36%        N/A       16%         1

Your spell library contained the following spells:

 Spells                   Type           Power      Damage    Failure   Level
 Inner Flame              Hex/Fire       5%         N/A       61%         3
 Portal Projectile        Hex/Tloc       10%        N/A       61%         3
 Cause Fear               Hex            4%         N/A       83%         4

Inventory:

Hand Weapons
 Y - a +2 sling (weapon)
Armour
 i - a +0 ring mail (worn)
Potions
 a - a potion of might {unknown}
 g - 2 potions of curing
 h - a potion of mutation

Dungeon Overview and Level Annotations

Branches:
Dungeon (3/15)

Altars:
Hepliaklqana


Message History

The hobgoblin is moderately wounded.
A nearby plant withers and dies.
The quokka bites the plant.
The quokka bites you.
The hobgoblin hits the plant.
The gnoll hits you with a +0 whip.
You shoot a sling bullet. The sling bullet hits the gnoll.
The gnoll is heavily wounded.
The quokka bites the plant.
The quokka closely misses you.
The hobgoblin hits the plant.
The gnoll hits you with a +0 whip.
The quokka bites the plant.
The quokka bites you but does no damage.
You shoot a sling bullet.
The sling bullet closely misses the gnoll.
The sling bullet hits the hobgoblin.
The hobgoblin is heavily wounded.
A nearby plant withers and dies.
The gnoll barely misses you. The quokka barely misses you.
The gnoll barely misses you. The gnoll closely misses you.
The hobgoblin closely misses you.
You shoot a sling bullet. The sling bullet hits the gnoll.
The gnoll is almost dead.
The quokka twitches its whiskers.
The quokka closely misses you. x2; The hobgoblin barely misses you.
The gnoll hits you but does no damage.
The gnoll hits you from afar with a +0 spear.
You shoot a sling bullet. The sling bullet hits the gnoll.
The gnoll is almost dead.
The quokka bites you. The hobgoblin misses you.
The gnoll hits you but does no damage. x2; The quokka barely misses you.
You shoot a sling bullet.
The sling bullet barely misses the gnoll.
The sling bullet closely misses the gnoll.
The hobgoblin hits you but does no damage.
The gnoll hits you with a +0 whip. The gnoll barely misses you.
The quokka bites you but does no damage.
You shoot a sling bullet.
The sling bullet closely misses the gnoll.
The sling bullet hits the gnoll.
The gnoll is lightly wounded.
The hobgoblin barely misses you.
The gnoll hits you but does no damage. x2
The quokka bites you.
You die...

.. #. ... .. ...# .##..
7.... ..... 77..7.. ..#.7
.P....P #.#.777g....77
#.#..r@gg.7 ..
#.#..PP7777..P
######.#...77.P..P.
...........77PP.7.7 .P
..........#.P..P..77P.P
######.#.##.77.77.....#
#.#.#### 7P..7....
.####.#.####77P.....#######
...........................


You could see 2 gnolls, a quokka and a hobgoblin.

Vanquished Creatures
  5 adders
  A dart slug (D:1)
  3 bats
  5 endoplasms
  2 giant cockroaches (D:1)
  5 goblins
  2 hobgoblins
  13 jackals
  2 kobolds
  3 quokkas
  4 ball pythons
  3 frilled lizards
  2 rats
50 creatures vanquished.

Notes
Turn   | Place    | Note
-------+----------+-------------------------------------------
     0 | D:1      | qw the Gargoyle Hexslinger began the quest for the Orb.
     0 | D:1      | Reached XP level 1. HP: 12/12 MP: 2/2
     0 | D:1      | 0 ||| qw: Version: 0.3-a-52-g30416fa
     0 | D:1      | 0 ||| qw: Game counter: 7426
     0 | D:1      | 0 ||| qw: Melee chars always use a shield: true
     0 | D:1      | 0 ||| qw: God list: Okawaru
     0 | D:1      | 0 ||| qw: Allow faded altars: false
     0 | D:1      | 0 ||| qw: Do Orc after clearing Dungeon:15 true
     0 | D:1      | 0 ||| qw: Do second Lair branch before Depths: true
     0 | D:1      | 0 ||| qw: Lair rune preference: random
     0 | D:1      | 0 ||| qw: Goals: Normal
     0 | D:1      | 0 ||| PLANNING D:1-11
    34 | D:1      | 34 ||| FLEEEEING.
    35 | D:1      | 35 ||| FLEEEEING.
    52 | D:1      | Reached XP level 2. HP: 16/16 MP: 3/3
   119 | D:1      | Reached skill level 3 in Ranged Weapons
   212 | D:1      | Reached XP level 3. HP: 18/21 MP: 4/4
   745 | D:1      | 745 ||| UPGRADING to +0 ring mail.
   755 | D:1      | 755 ||| DROPPING +0 robe.
   756 | D:1      | 756 ||| READING 2 scrolls labelled SUEDALY ERRIA.
   757 | D:1      | 757 ||| READING scroll labelled QUNTOTT TUSI.
   758 | D:1      | 758 ||| DRINKING 2 metallic dark potions.
   759 | D:1      | 759 ||| DRINKING 3 fizzy pink potions.
   760 | D:1      | 760 ||| DRINKING 2 ruby potions.
   760 | D:1      | Gained mutation: Your mind is acute. (Int +4, Str/Dex -1)
                  | [potion of mutation]
   760 | D:1      | Gained mutation: Your muscles are strong. (Str +4, Int/Dex
                  | -1) [potion of mutation]
   761 | D:1      | 761 ||| DROPPING scroll of revelation.
   762 | D:1      | 762 ||| DROPPING scroll of poison.
   763 | D:1      | 763 ||| DROPPING potion of degeneration.
   788 | D:2      | 788 ||| STAIRDANCE
   869 | D:2      | 869 ||| DROPPING ring of wizardry.
  1017 | D:2      | Reached XP level 4. HP: 20/26 MP: 5/5
  1066 | D:2      | Found a hazy altar of Hepliaklqana.
  1197 | D:2      | Reached skill level 4 in Ranged Weapons
  1330 | D:2      | Reached skill level 1 in Armour
  1611 | D:2      | 1611 ||| READING scroll labelled IRAMAMP ZIAM.
  1722 | D:3      | HP: 6/26 [gnoll/+0 spear (5)]
  1725 | D:3      | Slain by a quokka

Levels and vault maps discovered:
D:1:      eino_arrival_water_cross, layout_basic
D:2:      layout_rooms, basic_altar, serial_co_window_serial, co_window_paths_b,
          co_window_paths_a, co_window_paths_a, co_window_paths_b,
          co_window_corner_a, co_window_paths_a, co_window_broadway_c,
          co_window_unsneaky_path_d, co_window_of_opportunity_b,
          co_window_4corner_b, co_window_paths_d, kennysheep_generic_room_6
D:3:      wad_woods_stonehenge, layout_basic, dreamdust_wishing_well,
          fountainhead, uniq_natasha

Skill      XL: |  1  2  3  4 |
---------------+-------------+-----
Ranged Weapons | 3 4 |  4.4
Fighting       | 2 |  2.0
Armour         | 1 |  1.0
Dodging        | |  1.5
Spellcasting   | |  1.0
Hexes          | |  2.6

Action                     |  1- 3 |  4- 6 || total
---------------------------+-------+-------++-------
   Fire: Sling             |   139 |    56 ||   195
    Use: Potion            |     3 |       ||     3
         Scroll            |     2 |     1 ||     3
 Armour: Robe              |    23 |       ||    23
         Ring mail         |    32 |    46 ||    78
  Dodge: Dodged            |    63 |    61 ||   124

Table legend:
 A = Non-vault XP
 B = Vault XP
 C = Vault XP percentage of total XP
 D = Non-vault monster count
 E = Vault monster count
 F = Vault count percentage of total count
                 A         B        C        D         E       F
            +---------+---------+-------+---------+---------+-------
      Total |     121 |      29 |  19.3 |      47 |       3 |   6.0
            +---------+---------+-------+---------+---------+-------
        D:1 |      53 |       0 |   0.0 |      27 |       0 |   0.0
        D:2 |      68 |      15 |  18.1 |      20 |       2 |   9.1
        D:3 |       0 |      14 | 100.0 |       0 |       1 | 100.0
            +---------+---------+-------+---------+---------+-------
